Map: Backwater LE

Players

NiinePylon - Winner!

  • Race: Protoss Protoss
  • League: Master
  • Spawn Location: 11:00

Trizztein

  • Race: Terran Terran
  • League: Diamond
  • Spawn Location: 5:00

VOD

Have the link to the VOD?

Description

Time

  • Played on: March 3, 2018, 12:57 p.m.
  • Length: 5:48
Show
View Real Time Build Order
Export as new Build Order

NiinePylon Protoss - Winner!

Build Orders: 1 Gate Expand, Blink Stalkers, Dark Templar Rush 

Get SALT Encoding   

  12  0:01  Probe  
  13  0:13  Probe  
  14  0:18  Pylon  
  14  0:25  Probe (Chrono Boost)  
  15  0:38  Probe (Chrono Boost)  
  15  0:39  Gateway  
  16  0:44  Probe (Chrono Boost)  
  16  0:46  Assimilator  
  17  0:52  Probe  
  18  1:04  Probe  
  19  1:17  Probe  
  20  1:22  Pylon  
  20  1:29  Nexus  
  20  1:42  Cybernetics Core  
  20  1:45  Probe  
  21  1:49  Assimilator  
  21  1:58  Pylon  
  21  2:00  Probe  
  22  2:12  Probe (Chrono Boost)  
  23  2:18  Stalker (Chrono Boost)  
  23  2:20  Warp Gate  
  25  2:24  Probe (Chrono Boost)  
  26  2:30  Twilight Council  
  26  2:32  Probe (Chrono Boost)  
  27  2:38  Probe  
  27  2:41  Probe  
  29  2:46  Stalker  
  29  2:50  Probe (Chrono Boost)  
  33  2:58  Probe (Chrono Boost)  
  33  3:01  Probe (Chrono Boost)  
  33  3:02  Blink (Chrono Boost)  
  35  3:06  Probe x2 (Chrono Boost)  
  36  3:17  Probe x2  
  38  3:23  Gateway  
  38  3:27  Gateway  
  38  3:29  Probe  
  39  3:35  Probe  
  39  3:38  Dark Shrine  
  40  3:45  Probe  
  40  3:47  Probe  
  42  3:53  Pylon  
  42  3:57  Probe  
  42  3:59  Gateway  
  42  4:02  Assimilator, Gateway  
  43  4:03  Gateway  
  43  4:09  Probe x2  
  45  4:14  Gateway  
  45  4:18  Pylon  
  45  4:19  Pylon  
  45  4:24  Gateway  
  45  4:26  Stalker x2  
  49  4:46  Stalker  
  49  4:50  Nexus  
  51  5:01  Stalker x4  
  51  5:02  Stalker  
  61  5:26  Stalker x4  
  69  5:31  Pylon  
  69  5:33  Pylon  
Show
View Real Time Build Order
Export as new Build Order

Trizztein Terran 

Build Orders:  

Get SALT Encoding   

  12  0:01  SCV  
  13  0:13  SCV  
  14  0:17  Supply Depot  
  14  0:25  SCV  
  15  0:38  SCV  
  15  0:42  Barracks  
  16  0:45  Refinery  
  16  0:50  SCV  
  17  1:02  SCV  
  18  1:17  SCV  
  19  1:31  Orbital Command, Reaper  
  20  1:58  SCV  
  21  2:09  Command Center  
  21  2:11  Barracks  
  21  2:13  Barracks Reactor  
  21  2:14  SCV  
  22  2:21  Supply Depot  
  22  2:26  SCV  
  23  2:32  Engineering Bay  
  23  2:43  SCV  
  24  2:52  Marine x2  
  24  2:55  SCV  
  27  2:59  Barracks Tech Lab  
  27  3:01  Terran Infantry Weapons Level 1  
  27  3:07  SCV  
  27  3:09  Marine x2  
  30  3:23  Refinery  
  30  3:24  Concussive Shells  
  30  3:25  Marauder  
  30  3:26  Orbital Command  
  32  3:27  Marine x2  
  32  3:28  SCV  
  35  3:45  SCV  
  35  3:50  Marine  
  35  3:51  Marine x2  
  38  3:56  Bunker  
  38  4:08  Barracks, Marine  
  38  4:09  Supply Depot  
  39  4:11  Factory  
  39  4:12  Marine  
  39  4:13  Marine  
  41  4:18  Missile Turret  
  41  4:22  SCV  
  43  4:24  SCV  
  43  4:34  SCV  
  43  4:36  SCV  
  45  4:42  Marine x2, Missile Turret  
  45  4:43  Marine  
  48  4:46  SCV  
  48  4:48  SCV  
  49  4:58  SCV  
  49  5:00  SCV  
  49  5:02  Marine x2  
  49  5:03  Factory Reactor  
  52  5:07  Refinery  
  52  5:08  Refinery  
  52  5:10  SCV  
  50  5:15  SCV  
  45  5:22  SCV  
  45  5:24  Barracks Reactor  
  45  5:26  Command Center  
  45  5:27  Barracks Tech Lab  
  45  5:29  Marine x3  
  45  5:30  SCV  
  49  5:36  Supply Depot  
  49  5:38  Supply Depot  
Tags
 
Add a new tag
Caveats
  • Supply blocks, unpowered buildings, or Contaminate may cause inaccurate times.
  • Supply counts are checked every 10 seconds.